 Dungeon Crawl Stone Soup version 0.28-a0-1415-g7c84da036a (webtiles) character file.

Game seed: 11569288712373764091

278 funkygono the Firebug (level 6, -8/32 HPs)
             Began as a Gargoyle Fire Elementalist on Jan 7, 2022.
             Killed by divine providence
             ... invoked by an orc priest
              (13 damage)
             ... on level 3 of the Dungeon.
             The game lasted 00:05:18 (4142 turns).

funkygono the Firebug (Gargoyle Fire Elementalist)  Turns: 4142, Time: 00:05:19

Health: -8/32      AC:  7    Str: 11    XL:     6   Next: 26%
Magic:  11/11      EV: 12    Int: 18    God:
Gold:   165        SH:  0    Dex: 10    Spells: 6/12 levels left

rFire   . . .      SeeInvis .   c - +2 flail (protect)
rCold   . . .      Faith    .   (no shield)
rNeg    + . .      Spirit   .   a - +0 robe
rPois   ∞          Reflect  .   p - +0 helmet
rElec   +          Harm     .   (no cloak)
rCorr   .          Rampage  .   (no gloves)
Will    .....                   (no boots)
Stlth   ++........              (no amulet)
HPRegen 0.10/turn               (no ring)
MPRegen 0.12/turn               (no ring)

@: no status effects
A: sickness immunity, AC +4, negative energy resistance 1, electricity
resistance, torment resistance 1, petrification resistance
a: no special abilities


You were on level 3 of the Dungeon.
You visited 1 branch of the dungeon, and saw 3 of its levels.

You collected 165 gold pieces.

Inventory:

Hand Weapons
 c - a +2 flail of protection (weapon)
 d - a +1 whip
 k - a +0 mace
 o - the +6 rapier "Nooghisu" {freeze, *Rage Str+3 Int+4 Dex+3}
   (You took it off a gnoll on level 2 of the Dungeon)

   It freezes those it strikes, dealing additional cold damage.
   It can also slow down cold-blooded creatures.
   Str:       It affects your strength (+3).
   Int:       It affects your intelligence (+4).
   Dex:       It affects your dexterity (+3).
   *Rage:     It berserks you when you make melee attacks (+20% chance).
Missiles
 e - 87 stones
Armour
 a - a +0 robe (worn)
 l - a +0 leather armour
 p - a +0 helmet (worn)
Jewellery
 i - a ring of ice
 q - a ring of fire
Scrolls
 m - a scroll of immolation {unknown}
 n - a scroll of fog
Potions
 b - 2 potions of resistance {unknown}
 f - a potion of curing
 g - a potion of lignification
 h - a potion of mutation {unknown}
 j - a potion of might {unknown}


   Skills:
 + Level 0.4 Maces & Flails
 + Level 1.8 Dodging
 - Level 2.1 Stealth
 * Level 3.6 Spellcasting
 * Level 3.0 Conjurations
 * Level 5.0 Fire Magic


You had 6 spell levels left.
You knew the following spells:

 Your Spells              Type           Power      Damage    Failure   Level
a - Foxfire               Conj/Fire      68%        2x1d7     3%          1
b - Scorch                Fire           42%        2d7       3%          2
c - Conjure Flame         Conj/Fire      17%        6-21      9%          3

Your spell library contained the following spells:

 Spells                   Type           Power      Damage    Failure   Level
 Inner Flame              Hex/Fire       12%        N/A       16%         3
 Flame Wave               Conj/Fire      17%        2d5       28%         4


Dungeon Overview and Level Annotations

Branches:
Dungeon (3/15)

Altars:


Innate Abilities, Weirdness & Mutations

You are immune to sickness and miasma.
Your stone body is resilient. (AC +4)
You are immune to poison.
You resist negative energy. (rN+)
You are resistant to electric shocks. (rElec)
You are resistant to unholy torment.
You are immune to petrification.


Message History

The orc barely misses you.
You completely miss the orc.
The orc is almost dead.
The orc hits you with a +0 short sword.
An orc comes into view. It is wielding a +0 dagger.
The orc hits you with a +0 short sword.
Things that are here:
a +0 club; an orc corpse
Things that are here:
a +0 club; a +0 scale mail
Casting: Scorch (safe; 3% risk of failure)
Confirm with . or Enter, or press ? or * to list all spells.
You conjure some foxfire!
The orc barely misses you.
You closely miss the orc.
The orc is almost dead.
The foxfire hits the orc.
You kill the orc!
The foxfire hits the orc.
The orc is heavily wounded.
You barely miss the orc.
The orc is heavily wounded.
The orc shouts!
The orc priest hits you from afar with a +0 trident.
The orc barely misses you.
The orc priest hits you with a +0 trident!
The orc closely misses you.
Items here: )) [[ †.
The orc priest barely misses you. The orc closely misses you.
The orc barely misses you.
The orc priest casts a cantrip, but nothing happens.
The orc priest mumbles some strange prayers to Beogh against you.
Beogh smites you!
* * * LOW HITPOINT WARNING * * *
Okay, then.
Okay, then.
The orc priest calls upon Beogh to heal the orc.
The orc's wounds heal themselves!
The orc priest invokes the aid of Beogh against you.
Beogh smites you!
You die...

#o##.....#
#o#####..#
#.# #..# #.#
#..# #.#
#..#
#o#####..#
#.o......#
##########.#
#.@.o....o.#
#.##########
#.# #.# #
#.# ##.##
#.#
#.#######
.##.# #.#
#.......#
.##.. #.#
#######.#
<##.# #.#
#.#


You could see an orc priest and an orc.

Vanquished Creatures
  A scorpion (D:3)
  2 orc priests (D:3)
  Robin (D:2)
  4 adders
  3 gnolls (D:2)
  An adder skeleton (D:2)
  A worm (D:3)
  A dart slug (D:2)
  7 orcs (D:3)
  3 bats
  6 endoplasms
  3 giant cockroaches (D:2)
  11 goblins
  9 hobgoblins
  3 quokkas
  3 ball pythons
  3 frilled lizards
  5 kobolds
  4 rats
71 creatures vanquished.

Vanquished Creatures (collateral kills)
  A foxfire (D:2)
1 creature vanquished.

Vanquished Creatures (others)
  205 foxfires
205 creatures vanquished.

Grand Total: 277 creatures vanquished

Notes
Turn   | Place    | Note
-------+----------+-------------------------------------------
     0 | D:1      | funkygono the Gargoyle Fire Elementalist began the quest
                  | for the Orb.
     0 | D:1      | Reached XP level 1. HP: 10/10 MP: 3/3
   444 | D:1      | Reached XP level 2. HP: 15/15 MP: 3/5
   447 | D:1      | Learned a level 2 spell: Scorch
  1239 | D:2      | Reached XP level 3. HP: 14/19 MP: 1/6
  1243 | D:2      | Learned a level 3 spell: Conjure Flame
  1325 | D:2      | Found a faded altar of an unknown god.
  1473 | D:2      | Noticed Robin
  1501 | D:2      | Reached skill level 4 in Fire Magic
  1501 | D:2      | Reached XP level 4. HP: 24/24 MP: 1/7
  2217 | D:2      | Identified the +6 rapier "Nooghisu" {freeze, *Rage Str+3
                  | Int+4 Dex+3}
  2399 | D:2      | Killed Robin
  2570 | D:2      | Reached XP level 5. HP: 28/28 MP: 6/9
  3737 | D:3      | Reached XP level 6. HP: 32/32 MP: 7/11
  3863 | D:3      | Reached skill level 5 in Fire Magic
  4142 | D:3      | Killed from afar by an orc priest

Illustrated notes

Levels and vault maps discovered:
D:1:      heliophobic_arrival_dark_side_of_the_moon, layout_basic,
          serial_park_tiny_1
D:2:      layout_loops_corners, hellmonk_ecumenical_altar_lost_god,
          serial_bayou_crossing, uniq_robin
D:3:      layout_loops_ring, amcnicky_mini_corridor_feature, corner_web_ring

Skill      XL: |  1  2  3  4  5  6 |
---------------+-------------------+-----
Fire Magic     | 4 5 |  5.0
Conjurations   | 2 3 |  3.0
Spellcasting   | 3 |  3.6
Maces & Flails | |  0.4
Dodging        | |  1.8
Stealth        | |  2.1

Action                   |  1- 3 |  4- 6 || total
-------------------------+-------+-------++-------
Melee: Whip              |    10 |    30 ||    40
       Flail             |       |     8 ||     8
 Cast: Foxfire           |    49 |    73 ||   122
       Scorch            |     3 |     9 ||    12
  Use: Scroll            |       |     6 ||     6
Armor: Robe              |     6 |    11 ||    17
Dodge: Dodged            |    14 |    32 ||    46

Table legend: (Time is in decaauts)
 A = Elapsed time spent in this place.
 B = Non-inter-level travel time spent in this place.
 C = Inter-level travel time spent in this place.
 D = Time resting spent in this place.
 E = Time spent auto-exploring this place.
 F = Levels seen in this place.
 G = Mean time per level.
                   A        B        C        D        E       F      G
               +--------+--------+--------+--------+--------+-----+--------+
         Total |   4161 |   4082 |     79 |    633 |   2815 |   3 | 1387.0 |
       Dungeon |   4161 |   4082 |     79 |    633 |   2815 |   3 | 1387.0 |
               +--------+--------+--------+--------+--------+-----+--------+

Top non-repeatable levels by time:
     D:2: 1778 daAuts
     D:1: 1478 daAuts
     D:3: 904 daAuts
